 Dungeon Crawl Stone Soup version 0.29-a0-700-g2f1814c7b2 (webtiles) character file.

Game seed: 8826447997149340287

34 lunkers the Insei (level 3, -1/28 HPs)
             Began as a Meteoran Transmuter on June 25, 2022.
             Slain by a kobold brigand
             ... wielding a +0 dagger
              (5 damage)
             ... in a sewer.
             The game lasted 00:01:53 (475 turns).

lunkers the Insei (Meteoran Transmuter)              Turns: 475, Time: 00:01:53

Health: -1/28      AC:  4    Str: 11    XL:     3   Next: 73%
Magic:  2/8        EV: 12    Int: 15    God:
Gold:   29         SH:  0    Dex: 16    Spells: 0/7 levels left

rFire   . . .      SeeInvis .     - Unarmed
rCold   . . .      Faith    .   (no shield)
rNeg    . . .      Spirit   .   a - +0 robe
rPois   .          Reflect  .   d - +2 hat
rElec   .          Harm     .   (no cloak)
rCorr   .          Rampage  .   (no gloves)
Will    .....                   (no boots)
Stlth   +.........              (no amulet)
HPRegen 0.09/turn               (no ring)
MPRegen 0.11/turn               (no ring)

@: very slightly contaminated, glowing, very slow
A: sense surroundings 1, otherworldly, glowing, explore regen
a: no special abilities


You were in a sewer.
You visited 1 branch of the dungeon, and saw 4 of its levels.
You also visited: Sewer.

You collected 29 gold pieces.

Inventory:

Armour
 a - a +0 robe (worn)
 d - a +2 hat (worn)
Scrolls
 c - a scroll of teleportation {unknown}
Potions
 b - a potion of lignification


   Skills:
 - Level 1.1 Fighting
 - Level 2.4 Dodging
 * Level 4.8 Unarmed Combat
 - Level 2.6 Spellcasting
 + Level 3.2 Transmutations


You couldn't memorise any spells.
You knew the following spells:

 Your Spells              Type           Power      Damage    Failure   Level
b - Wereblood             Tmut           11%        N/A       9%          2
c - Spider Form           Tmut/Pois      6%         N/A       32%         3
p - Beastly Appendage     Tmut           22%        N/A       5%          1
q - Freeze                Ice            8%         1d3       21%         1

Your spell library contained the following spells:

 Spells                   Type           Power      Damage    Failure   Level
 Sublimation of Blood     Necr           2%         N/A       30%         2
 Ice Form                 Ice/Tmut       6%         N/A       71%         4
 Petrify                  Tmut/Erth      6%         N/A       71%         4
 Irradiate                Conj/Tmut      3%         3d14      96%         5


Dungeon Overview and Level Annotations

Branches:
Dungeon (4/15) Zot: 1985    Sewer (1/1) Zot: 528
 Temple: D:4-7

Altars:


Innate Abilities, Weirdness & Mutations

You passively map a small area around you.
You are easily found by Zot.
You glow in the dark.
You regain HP and MP as you explore.


Message History

You closely miss the kobold brigand.
The kobold brigand hits you with a +0 dagger.
Casting: Spider Form (extremely dangerous; 32% risk of failure)
Confirm with . or Enter, or press ? or * to list all spells.
The spell is extremely dangerous to miscast (32% risk of failure)!
Continue anyway?
You miscast Spider Form.
Nothing appears to happen.
The kobold brigand misses you.
Unknown command.
Casting: Spider Form (extremely dangerous; 32% risk of failure)
Confirm with . or Enter, or press ? or * to list all spells.
You don't have enough magic to cast this spell.
Casting: Spider Form (extremely dangerous; 32% risk of failure)
Confirm with . or Enter, or press ? or * to list all spells.
You miscast Beastly Appendage.
Nothing appears to happen.
* * * LOW MAGIC WARNING * * *
The kobold brigand hits you but does no damage.
You barely miss the kobold brigand.
The kobold brigand splashes around in the water.
Unknown command.
You miss the kobold brigand. Your punch misses the kobold brigand.
The kobold brigand splashes around in the water.
Unknown command.
You closely miss the kobold brigand.
The kobold brigand hits you with a +0 dagger.
Unknown command.
You hit the kobold brigand.
The kobold brigand is lightly wounded.
The kobold brigand hits you with a +0 dagger.
* * * LOW HITPOINT WARNING * * *
Your unstable footing causes you to fumble your attack.
The kobold brigand hits you with a +0 dagger.
* * * LOW HITPOINT WARNING * * *
Your unstable footing causes you to fumble your attack.
The kobold brigand hits you with a +0 dagger.
* * * LOW HITPOINT WARNING * * *
The kobold brigand attacks as you move away!
The kobold brigand splashes around in the water.
The kobold brigand attacks as you move away!
The kobold brigand hits you with a +0 dagger.
You die...

#≈≈≈≈ ####### ##...≈
#.≈≈)≈##### ##..≈.≈
#####.≈≈.≈####≈≈.≈##
#.≈≈)≈###≈≈.≈...≈###
####### #≈≈≈≈≈≈≈.#
#.≈≈≈≈###.≈..≈≈.##
#####†≈≈.≈####### ,
#.≈@K≈##### ≈ ≈
####### ≈≈≈ , ≈


You could see a kobold brigand.

Vanquished Creatures
  A dart slug (D:1)
  3 endoplasms
  3 giant cockroaches
  A goblin (D:1)
  3 hobgoblins
  3 ball pythons
  4 bats
  A frilled lizard (D:1)
  7 kobolds
  6 rats
32 creatures vanquished.

Notes
Turn   | Place    | Note
-------+----------+-------------------------------------------
     0 | D:1      | lunkers the Meteoran Transmuter began the quest for the
                  | Orb.
     0 | D:1      | Reached XP level 1. HP: 16/16 MP: 5/5
    53 | D:1      | Reached XP level 2. HP: 22/23 MP: 4/6
    56 | D:1      | Reached skill level 4 in Unarmed Combat
    70 | D:1      | Found a faded altar of an unknown god.
    78 | D:1      | Learned a level 2 spell: Wereblood
    84 | D:1      | Got Plato's Tome of the Snowflakes
   147 | D:2      | Reached XP level 3. HP: 25/28 MP: 8/8
   154 | D:2      | Learned a level 1 spell: Freeze
   158 | D:2      | Learned a level 3 spell: Spider Form
   378 | D:4      | Found a glowing drain.
   416 | Sewer    | Entered a sewer
   456 | Sewer    | Noticed a kobold brigand
   475 | Sewer    | Slain by a kobold brigand

Illustrated notes

Levels and vault maps discovered:
D:1:      elethiomel_arrival_quiet, layout_basic,
          shapermc_ecumenical_altar_rom_forum
D:2:      layout_loops_ring, uniq_natasha
D:3:      layout_rooms, small_statue_intersection, grunt_decor_fettered,
          minmay_misc_feat_encased, uniq_crazy_yiuf_cottage
D:4:      layout_loops_corners, amcnicky_altar_gilded, grunt_ashenzari_visionary
          [grunt_ashenzari_visionary_swamp, grunt_ashenzari_visionary_spider],
          old_standard_altar, mainiacjoe_overflow_brackets,
          chequers_temple_overflow_statue_of_worship, portal_sewer_entry_a
Sewer:    sewer_co_tree

Skill      XL: |  1  2  3 |
---------------+----------+-----
Unarmed Combat | 4 |  4.8
Transmutations | 3 |  3.2
Fighting       | |  1.1
Dodging        | |  2.4
Spellcasting   | |  2.6

Action                   || total
-------------------------++-------
Melee: Unarmed           ||    76
       Kick              ||     7
       Headbutt          ||     5
       Punch             ||     1
 Cast: Beastly Appendage ||    10
       Wereblood         ||     4
       Spider Form       ||     3
Armor: Robe              ||    19
Dodge: Dodged            ||    47

Table legend: (Time is in decaauts)
 A = Elapsed time spent in this place.
 B = Non-inter-level travel time spent in this place.
 C = Inter-level travel time spent in this place.
 D = Time resting spent in this place.
 E = Time spent auto-exploring this place.
 F = Levels seen in this place.
 G = Mean time per level.
                   A        B        C        D        E       F      G
               +--------+--------+--------+--------+--------+-----+--------+
         Total |    485 |    460 |     25 |      0 |    154 |   5 |   97.0 |
       Dungeon |    414 |    389 |     25 |      0 |    154 |   4 |  103.5 |
         Sewer |     71 |     71 |      0 |      0 |      0 |   1 |   71.0 |
               +--------+--------+--------+--------+--------+-----+--------+

Top non-repeatable levels by time:
     D:3: 168 daAuts
     D:1: 129 daAuts
     D:2: 73 daAuts
   Sewer: 71 daAuts
     D:4: 42 daAuts
